 Dungeon Crawl Stone Soup version 0.19-a0-1879-gd95bc26 (webtiles) character file.

13221 Minion the Cleaver (level 11, -8/101 HPs)
             Began as a Minotaur Fighter on Oct 14, 2016.
             Was a High Priest of Okawaru.
             Mangled by a 12-headed hydra (10 damage)
             ... on level 2 of the Lair of Beasts.
             The game lasted 00:33:51 (13102 turns).

Minion the Cleaver (Minotaur Fighter)              Turns: 13102, Time: 00:33:52

Health: -8/101     AC: 10    Str: 21    XL:     11   Next: 72%
Magic:  6/10       EV: 16    Int:  5    God:    Okawaru [*****.]
Gold:   510        SH:  0    Dex: 13    Spells: 0 memorised, 10 levels left

rFire  + . .     SeeInvis +     p - +0 battleaxe
rCold  . . .     Gourm    .     R - +1 ring mail {rF+}
rNeg   . . .     Faith    .     (shield currently unavailable)
rPois  .         Spirit   .     M - +2 hat
rElec  .         Dismiss  .     (no cloak)
rCorr  .         Reflect  .     (no gloves)
MR     +....     Harm     .     (no boots)
Stlth  +.........               y - amulet of magic regeneration
                                J - ring of see invisible
                                C - ring of protection from magic

@: finesse
A: retaliatory headbutt, horns 2
a: Heroism, Finesse, Renounce Religion


You were on level 2 of the Lair of Beasts.
You worshipped Okawaru.
Okawaru was extremely pleased with you.
You were very hungry.

You visited 2 branches of the dungeon, and saw 11 of its levels.

You collected 510 gold pieces.

Inventory:

Hand Weapons
 l - a +3 hand axe of electrocution
 p - a +0 battleaxe (weapon)
Armour
 M - a +2 hat (worn)
 R - a +1 ring mail of fire resistance (worn)
Jewellery
 e - an uncursed ring of protection from fire
 s - an uncursed ring of resist corrosion
 y - an amulet of magic regeneration (around neck)
 C - a ring of protection from magic (left hand)
 J - a ring of see invisible (right hand)
Wands
 q - a wand of heal wounds (3/9)
 S - a wand of polymorph (4/24)
Scrolls
 b - a scroll of brand weapon
 h - a scroll of magic mapping
 i - 3 scrolls of enchant weapon
 k - 5 scrolls of identify
 n - a scroll of fear {unknown}
 v - 2 scrolls of teleportation
 B - a scroll of summoning {unknown}
 F - a scroll of random uselessness {unknown}
 G - 2 scrolls of enchant armour {unknown}
 H - a scroll of recharging
 K - a scroll of fog
 N - a scroll of acquirement {unknown}
 O - a scroll of remove curse
 P - a scroll of torment {unknown}
 Q - a scroll of holy word {unknown}
Potions
 a - a potion of magic {unknown}
 c - a potion of heal wounds
 d - 6 potions of might
 g - a potion of cure mutation {unknown}
 o - 4 potions of flight
 u - a potion of cancellation {unknown}
 z - a potion of haste
 D - a potion of brilliance {unknown}
 E - 2 potions of curing
 I - 3 potions of agility {unknown}
 L - a potion of berserk rage {unknown}
Books
 x - the Grimoire of Intoxication and Flight
   (You found it on level 8 of the Dungeon)

   Spells                             Type                      Level
   a - Shock                          Conjuration/Air              1
   b - Mephitic Cloud                 Conjuration/Poison/Air       3
   c - Venom Bolt                     Conjuration/Poison           5
   d - Silence                        Hexes/Air                    5
   e - Freezing Cloud                 Conjuration/Ice/Air          6
 T - a book of Cantrips

   Spells                             Type                      Level
   a - Confusing Touch                Hexes                        1
   b - Animate Skeleton               Necromancy                   1
   c - Summon Small Mammal            Summoning                    1
   d - Apportation                    Translocation                1
Comestibles
 f - 7 bread rations
 j - a beef jerky
 r - 3 slices of pizza
 t - 6 fruits
 w - a meat ration
 A - a royal jelly


   Skills:
 + Level 10.8 Fighting
 * Level 14.1 Axes
 + Level 10.6 Armour
 + Level 9.1 Dodging
   Level 3.6 Shields


You had 10 spell levels left.
You didn't know any spells.

Dungeon Overview and Level Annotations

Branches:
Dungeon (9/15)             Temple (0/1) D:4            Lair (2/6) D:9
  Swamp: Lair:2-4    Shoals: Lair:2-4     Snake: Lair:2-4    Spider: Lair:2-4
    Orc: D:9-12

Altars:
Elyvilon
Okawaru
Qazlal
Zin


Innate Abilities, Weirdness & Mutations

You reflexively headbutt those who attack you in melee.
You have a pair of horns on your head.


Message History

The 12-headed hydra barely misses you. The 12-headed hydra bites you. x2
* * * LOW HITPOINT WARNING * * *
The 12-headed hydra bites you!
* * * LOW HITPOINT WARNING * * *
The 12-headed hydra barely misses you.
The 12-headed hydra bites you but does no damage. x2
The 12-headed hydra bites you.
* * * LOW HITPOINT WARNING * * *
The 12-headed hydra misses you. The 12-headed hydra bites you!
* * * LOW HITPOINT WARNING * * *
You feel much better.
The 12-headed hydra bites you but does no damage.
The 12-headed hydra bites you.
* * * LOW HITPOINT WARNING * * *
The 12-headed hydra bites you.
* * * LOW HITPOINT WARNING * * *
The 12-headed hydra closely misses you. x2; The 12-headed hydra bites you!
* * * LOW HITPOINT WARNING * * *
The 12-headed hydra bites you!
You die...

####.##P# #........
####### ........<
###.#).?####..........
#.....................
#....)....... #.......
#.........# #.......
#...D.....# #.......
#.+#@# #....... #..###
###.#..# #P...# ##..##
###..## #...## #####..##
###.#### ###PP##...##
#.#%#^## #..........#
#.......
##..........#####.......
#...........+.>#........


You could see a 12-headed hydra.

Vanquished Creatures
  An unseen horror (D:9)
  An ugly thing (D:9)
  An elephant (D:9)
  3 spiny frogs (Lair:2)
  The ghost of Dekamerus the Covert, a novice SpAs of Okawaru (D:6)
  3 komodo dragons (Lair:2)
  3 blink frogs
  6 hippogriffs
  A spriggan (D:8)
  A wyvern (Lair:1)
  18 yaks
  A basilisk (Lair:1)
  2 water moccasins (Lair:2)
  7 porcupines
  5 orc warriors
  2 sky beasts (D:9)
  2 black bears
  5 ogres
  4 centaurs
  4 crocodiles
  4 bullfrogs
  A gnoll sergeant (D:8)
  The ghost of Dekamerus the Covert, an amateur SpAs (D:3)
  3 scorpions
  3 killer bees (D:7)
  6 wights
  A bullfrog zombie (D:5)
  5 crimson imps
  A jelly (D:5)
  3 quasits
  6 orc priests
  6 hounds
  2 bullfrog skeletons (D:7)
  3 centaur skeletons
  Terence (D:3)
  6 iguanas
  8 orc wizards
  4 worker ants
  A killer bee zombie (D:9)
  A hound skeleton (D:7)
  10 adders
  12 gnolls
  A howler monkey skeleton (D:4)
  2 shadow imps
  3 oozes
  5 worms
  A dart slug (D:2)
  6 leopard geckos
  43 orcs
  2 ball pythons (D:2)
  4 bats
  2 giant cockroaches
  11 goblins
  5 hobgoblins
  6 jackals (D:3)
  5 quokkas
  4 frilled lizards
  6 kobolds
  A quokka skeleton (D:4)
  5 rats
  3 fungi
274 creatures vanquished.

Vanquished Creatures (others)
  A fungus (Lair:1)
1 creature vanquished.

Grand Total: 275 creatures vanquished

Notes
Turn   | Place    | Note
-------+----------+-------------------------------------------
     0 | D:1      | Minion the Minotaur Fighter began the quest for the Orb.
     0 | D:1      | Reached XP level 1. HP: 19/19 MP: 0/0
   158 | D:1      | Reached XP level 2. HP: 26/27 MP: 1/1
   184 | D:1      | Reached skill level 3 in Axes
   585 | D:2      | Reached XP level 3. HP: 33/33 MP: 2/2
   719 | D:2      | Found an iron altar of Okawaru.
   727 | D:2      | Became a worshipper of Warmaster Okawaru
   756 | D:2      | Reached skill level 1 in Dodging
   822 | D:2      | Reached skill level 4 in Axes
   833 | D:2      | Reached XP level 4. HP: 40/40 MP: 3/3
  1408 | D:2      | You fall through a shaft for 2 floors!
  1964 | D:3      | Noticed Terence
  1977 | D:3      | Killed Terence
  1977 | D:3      | Reached XP level 5. HP: 35/47 MP: 4/4
  2070 | D:3      | Noticed Dekamerus's ghost (amateur SpAs)
  2095 | D:3      | Killed Dekamerus's ghost
  2095 | D:3      | Reached skill level 5 in Fighting
  2095 | D:3      | Reached skill level 5 in Axes
  2159 | D:3      | Reached * piety under Okawaru
  2205 | D:3      | Reached XP level 6. HP: 56/56 MP: 5/5
  2559 | D:4      | Found a staircase to the Ecumenical Temple.
  2849 | D:4      | Reached skill level 6 in Axes
  3154 | D:4      | Reached XP level 7. HP: 55/61 MP: 6/6
  3221 | D:4      | Reached ** piety under Okawaru
  3221 | D:4      | Reached skill level 5 in Armour
  3224 | D:4      | Reached skill level 7 in Axes
  3431 | D:5      | Entered Level 5 of the Dungeon
  4330 | D:6      | Noticed Dekamerus's ghost (novice SpAs)
  4346 | D:6      | Killed Dekamerus's ghost
  4346 | D:6      | Reached skill level 8 in Axes
  4346 | D:6      | Reached XP level 8. HP: 59/71 MP: 7/7
  4597 | D:6      | Reached *** piety under Okawaru
  4625 | D:6      | Found a stormy altar of Qazlal.
  5399 | D:6      | Reached skill level 9 in Axes
  5659 | D:7      | Reached skill level 5 in Dodging
  5725 | D:7      | Reached XP level 9. HP: 79/79 MP: 8/8
  5871 | D:7      | Reached **** piety under Okawaru
  5873 | D:7      | Reached skill level 10 in Axes
  6518 | D:8      | Received a gift from Okawaru
  6847 | D:8      | Reached skill level 11 in Axes
  7176 | D:8      | Reached XP level 10. HP: 76/90 MP: 9/9
  7421 | D:8      | Identified the Grimoire of Intoxication and Flight
  8398 | D:9      | Noticed an elephant
  8425 | D:9      | Killed an elephant
  8449 | D:9      | Found a staircase to the Lair.
  8694 | D:9      | Found a glowing silver altar of Zin.
  8709 | D:9      | Found a white marble altar of Elyvilon.
  8750 | D:9      | Reached ***** piety under Okawaru
  8750 | D:9      | Reached skill level 12 in Axes
  8799 | D:9      | Killed an unseen horror
  8990 | D:9      | Noticed a purple ugly thing
  9006 | D:9      | Killed a purple ugly thing
  9796 | Lair:1   | Entered Level 1 of the Lair of Beasts
  9801 | Lair:1   | Received a gift from Okawaru
  9823 | D:9      | Reached XP level 11. HP: 30/99 MP: 7/10
  9824 | D:9      | Reached skill level 13 in Axes
 10315 | Lair:1   | Reached skill level 10 in Armour
 10325 | Lair:1   | Received a gift from Okawaru
 10331 | Lair:1   | Reached skill level 10 in Fighting
 12419 | Lair:2   | Reached skill level 14 in Axes
 13093 | Lair:2   | Noticed an eight-headed hydra
 13101 | Lair:2   | HP: 2/101 [12-headed hydra (13)]
 13102 | Lair:2   | Mangled by a 12-headed hydra

Vault maps used:
D:1:      kennysheep_arrival_seaside
D:2:      okawaru_ov_weapons_minmay
D:3:      first_bread, uniq_terence
D:4:      portal_sewer_entry_d, kennysheep_generic_room_9
D:6:      basic_altar, kennysheep_generic_room_14
D:8:      the_bakery
D:9:      zin_statuary, lemuel_crystal_altar, david_lair_generic
Lair:1:   minivault_27, beast_lair_carwin_11, grunt_megastairs_5

Skill      XL: |  1  2  3  4  5  6  7  8  9 10 11 |
---------------+----------------------------------+-----
Axes           | 3 4 5 6 8 9 11 12 14 | 14.1
Fighting       | 4 5 6 7 8 9 10 | 10.8
Dodging        | 1 2 4 5 6 8 9 |  9.1
Armour         | 4 5 6 8 9 10 | 10.6
Shields        | |  3.6

Action                   |  1- 3 |  4- 6 |  7- 9 | 10-12 || total
-------------------------+-------+-------+-------+-------++-------
Melee: War axe           |    47 |       |       |       ||    47
       Headbutt          |    11 |    22 |    51 |    74 ||   158
       Hand axe          |     9 |   152 |   280 |       ||   441
       Battleaxe         |       |       |     9 |   338 ||   347
Invok: Heroism           |       |       |     1 |     5 ||     6
       Finesse           |       |       |       |     1 ||     1
  Use: Scroll            |       |     2 |     8 |     3 ||    13
       Potion            |       |       |     1 |     2 ||     3
  Eat: Chunk             |       |     7 |    10 |    16 ||    33
       Beef jerky        |       |       |     2 |     1 ||     3
Armor: Scale mail        |    28 |    59 |       |       ||    87
       Leather armour    |       |    13 |    24 |       ||    37
       Plate armour      |       |       |    71 |   127 ||   198
       Ring mail         |       |       |       |    43 ||    43
Dodge: Dodged            |    40 |    61 |   111 |   203 ||   415
